 Dungeon Crawl Stone Soup version 0.22-a0-425-g89d60a1 (webtiles) character file.

344 Jynxie the Slasher (level 6, -8/48 HPs)
             Began as a Demonspawn Gladiator on May 25, 2018.
             Killed by divine providence
             ... invoked by an orc priest
              (11 damage)
             ... on level 4 of the Dungeon.
             The game lasted 00:03:54 (1971 turns).

Jynxie the Slasher (Demonspawn Gladiator)           Turns: 1971, Time: 00:03:55

Health: -8/48      AC:  9    Str: 15    XL:     6   Next: 31%
Magic:  6/6        EV: 13    Int:  9    God:
Gold:   50         SH:  0    Dex: 16    Spells: 5/5 levels left

rFire    . . .     SeeInvis .   a - +0 long sword
rCold    . . .     Gourm    .   (no shield)
rNeg     . . .     Faith    .   b - +0 leather armour
rPois    .         Spirit   .   c - +0 helmet
rElec    .         Reflect  .   (no cloak)
rCorr    .         Harm     .   (no gloves)
MR       .....                  l - +2 pair of boots
Stlth    +.........             (no amulet)
HPRegen  0.16/turn              (no ring)
MPRegen  0.10/turn              (no ring)

@: confused
A: yellow scales 1
a: no special abilities


You were on level 4 of the Dungeon.
You were not hungry.

You visited 1 branch of the dungeon, and saw 3 of its levels.

You collected 50 gold pieces.

Inventory:

Hand Weapons
 a - a +0 long sword (weapon)
Missiles
 d - 3 throwing nets (quivered) {!f}
Armour
 b - a +0 leather armour (worn)
 c - a +0 helmet (worn)
 h - a +0 shield
   (You found it on level 1 of the Dungeon)
 l - a +2 pair of boots (worn)
   (You found it on level 2 of the Dungeon)
 p - a +0 scale mail
   (You found it on level 4 of the Dungeon)
Jewellery
 n - an uncursed ring of resist corrosion {unknown}
   (You found it on level 4 of the Dungeon)
Wands
 x - a wand of acid (10)
   (You found it on level 4 of the Dungeon)
Scrolls
 f - a scroll of enchant armour {unknown}
 i - 2 scrolls of remove curse {unknown}
 j - 2 scrolls of teleportation {unknown}
 k - a scroll of identify {unknown}
 m - a scroll of amnesia {unknown}
 r - a scroll of fog {unknown}
Potions
 g - a potion of curing {unknown}
 o - a potion of brilliance {unknown}
Comestibles
 e - 5 rations {!d}
 q - 3 chunks of flesh


   Skills:
 + Level 3.7 Fighting
 * Level 5.0 Long Blades
 + Level 3.3 Throwing
 - Level 2.6 Dodging


You had 5 spell levels left.
You didn't know any spells.
Your spell library was empty.

Dungeon Overview and Level Annotations

Branches:
Dungeon (4/15)
 Temple: D:4-7

Altars:
Cheibriados
The Shining One


Innate Abilities, Weirdness & Mutations

You are partially covered in yellow scales. (AC +2)


Message History

The orc wizard gestures wildly while chanting.
The orc wizard flickers and vanishes!
Deactivating autopickup; reactivate with Ctrl-A.
The orc priest invokes the aid of Beogh against you.
Beogh smites you!
You hit the orc priest. The jackal misses you. x2
The orc priest calls down the wrath of Beogh upon you.
Beogh smites you!
* * * LOW HITPOINT WARNING * * *
The jackal bites you.
* * * LOW HITPOINT WARNING * * *
The jackal bites you but does no damage.
You barely miss the orc priest.
The jackal bites you but does no damage.
The jackal closely misses you.
The orc priest begins to cast a cantrip, but forgets the words!
The jackal bites you.
* * * LOW HITPOINT WARNING * * *
You barely miss the orc priest.
The jackal bites you but does no damage.
The orc priest barely misses you.
You riposte.
You closely miss the orc priest. The jackal barely misses you.
You riposte.
You slash the jackal!
You kill the jackal!
The jackal bites you but does no damage.
You barely miss the orc priest. The jackal misses you.
You riposte.
You hit the jackal.
You kill the jackal!
The orc priest completely misses you.
You barely miss the orc priest. Something hits you.
* * * LOW HITPOINT WARNING * * *
The orc priest hits you but does no damage.
The orc priest hits you with a mace!
* * * LOW HITPOINT WARNING * * *
You hit the orc priest but do no damage.
Something hits you but does no damage.
The orc priest hits you but does no damage.
The orc priest completely misses you.
You riposte.
You hit the orc priest but do no damage.
You hear some strange, mumbled words.
A puff of flame appears from out of thin air!
The puff of flame hits you!
* * * LOW HITPOINT WARNING * * *
The orc priest begins to cast a cantrip, but forgets the words!
There is an open door here.
You hear some strange, mumbled words.
You are confused.
The orc priest calls down the wrath of Beogh upon you.
Beogh smites you!
You die...

###. .........#...# ########..
..#... ....)...#...###.##..####
.....####(.###.......#..........
....#.#†o###........#..........
#...#.....##.......#..........
#..##....r##..#..###.###..####
+###...+.._.o'...#..###.###..##..
......#......##..#...#...#.....(.
.......#.....##.@'...#...#.......
#+##..####..##....####..##...####
#.##..#..#.#.##..######'##...####
#..................#.............
#..................'.............
#...#...#....#.....#.............
#..##..##...####..########.##..##
#.)##..##...####..####..##.######
#...#..#......#..................


You could see an orc priest and a quokka.

Vanquished Creatures
  2 ogres (D:4)
  A howler monkey (D:4)
  A crimson imp (D:4)
  A hound (D:4)
  A worker ant (D:4)
  An adder (D:2)
  A dart slug (D:1)
  2 leopard geckos
  3 orcs (D:4)
  5 bats
  4 giant cockroaches
  4 goblins (D:1)
  A hobgoblin (D:1)
  2 jackals (D:4)
  5 frilled lizards
  A goblin skeleton (D:4)
  2 hobgoblin zombies (D:4)
  4 kobolds (D:1)
  2 kobold zombies (D:4)
  2 orc skeletons (D:4)
  A quokka skeleton (D:4)
  A rat (D:1)
47 creatures vanquished.

Notes
Turn   | Place    | Note
-------+----------+-------------------------------------------
     0 | D:1      | Jynxie the Demonspawn Gladiator began the quest for the Orb.
     0 | D:1      | Reached XP level 1. HP: 16/16 MP: 1/1
    42 | D:1      | Found a snail-covered altar of Cheibriados.
   251 | D:1      | Reached skill level 3 in Long Blades
   251 | D:1      | Gained mutation: You are partially covered in yellow scales. (AC +2) [demonic ancestry]
   251 | D:1      | Reached XP level 2. HP: 22/22 MP: 2/2
   952 | D:2      | Reached XP level 3. HP: 23/28 MP: 3/3
  1088 | D:2      | You fall through a shaft for 2 floors!
  1141 | D:4      | Found a glowing golden altar of the Shining One.
  1181 | D:4      | Reached XP level 4. HP: 28/34 MP: 4/4
  1264 | D:4      | Noticed an ogre
  1281 | D:4      | Killed an ogre
  1281 | D:4      | Reached skill level 4 in Long Blades
  1281 | D:4      | Reached XP level 5. HP: 8/41 MP: 5/5
  1552 | D:4      | Noticed an ogre
  1562 | D:4      | Killed an ogre
  1564 | D:4      | Reached XP level 6. HP: 28/47 MP: 6/6
  1895 | D:4      | Reached skill level 5 in Long Blades
  1966 | D:4      | HP: 2/48 [something/puff of flame (4)]
  1971 | D:4      | Killed from afar by an orc priest

Vault maps used:
D:1:      lightli_iron_boxes, cheibriados_altar_1
D:2:      uniq_robin
D:4:      marbit_many_paths, first_ration, nicolae_tso_besieged_by_evil

Skill      XL: |  1  2  3  4  5  6 |
---------------+-------------------+-----
Long Blades    | 3 4 5 |  5.0
Throwing       | 2 3 |  3.3
Fighting       | 3 |  3.7
Dodging        | |  2.6

Action                   |  1- 3 |  4- 6 || total
-------------------------+-------+-------++-------
Melee: Long sword        |   111 |    60 ||   171
 Stab: Sleeping          |     1 |     1 ||     2
  Eat: Chunk             |     1 |     3 ||     4
Armor: Leather armour    |    57 |    21 ||    78
Dodge: Dodged            |    89 |    45 ||   134
       Rpst.: Long sword |    34 |    18 ||    52

Table legend:
 A = Spawn XP
 B = Non-spawn XP
 C = Spawn XP percentage of total XP
 D = Spawn monster count
 E = Non-spawn monster count
 F = Spawn count percentage of total count
 G = Total turns spent on level
                    A         B        C        D         E        F      G
               +---------+---------+-------+---------+---------+-------+---------
         Total |       0 |     492 |   0.0 |       0 |      47 |   0.0 |  1971
               +---------+---------+-------+---------+---------+-------+---------
           D:1 |       0 |      39 |   0.0 |       0 |      23 |   0.0 |   923
           D:2 |       0 |      15 |   0.0 |       0 |       2 |   0.0 |   165
           D:4 |       0 |     438 |   0.0 |       0 |      22 |   0.0 |   883
               +---------+---------+-------+---------+---------+-------+---------
